 Dungeon Crawl Stone Soup version 0.27.0-1-g7a089689b8 (webtiles) character file.

Game seed: 17327070167847070473

49 Kukuleta the Skirmisher (level 3, -4/31 HPs)
             Began as a Draconian Gladiator on Aug 8, 2021.
             Asphyxiated
             ... on level 2 of the Dungeon.
             The game lasted 00:03:51 (992 turns).

Kukuleta the Skirmisher (Draconian Gladiator)        Turns: 992, Time: 00:03:52

Health: -4/31      AC:  5    Str: 16    XL:     3   Next: 51%
Magic:  3/3        EV: 12    Int:  9    God:
Gold:   45         SH:  0    Dex: 12    Spells: 2/2 levels left

rFire    . . .     SeeInvis .   a - +0 long sword
rCold    . . .     Faith    .   (no shield)
rNeg     . . .     Spirit   .   (armour unavailable)
rPois    .         Reflect  .   b - +0 hat
rElec    .         Harm     .   (no cloak)
rCorr    .         Rampage  .   (no gloves)
Will     .....                  (no boots)
Stlth    +.........             (no amulet)
HPRegen  0.10/turn              (no ring)
MPRegen  0.08/turn              (no ring)

@: lethally poisoned (-4 -> -31), slowed, very slow
A: AC +5, unfitting armour, cold-blooded
a: no special abilities


You were on level 2 of the Dungeon.
You visited 1 branch of the dungeon, and saw 2 of its levels.

You collected 45 gold pieces.

Inventory:

Hand Weapons
 a - a +0 long sword (weapon)
Missiles
 c - 3 throwing nets (quivered)
Armour
 b - a +0 hat (worn)
 d - a +0 helmet
Scrolls
 f - a scroll of fear {unknown}
 h - 2 scrolls of identify {unknown}
 i - a scroll of immolation {unknown}
Potions
 e - 3 potions of degeneration {unknown}
 g - a potion of brilliance {unknown}
 j - 2 potions of curing {unknown}


   Skills:
 * Level 3.5 Fighting
 + Level 3.4 Long Blades
 - Level 1.7 Throwing
 + Level 3.1 Dodging


You had 2 spell levels left.
You didn't know any spells.
Your spell library contained the following spells:

 Spells                   Type           Power      Damage    Failure   Level
 Summon Small Mammal      Summ           0%         N/A       38%         1
 Call Canine Familiar     Summ           0%         N/A       77%         3
 Summon Guardian Golem    Hex/Summ       0%         N/A       77%         3


Dungeon Overview and Level Annotations

Branches:
Dungeon (2/15)

Altars:


Innate Abilities, Weirdness & Mutations

Your plain brown scales are hard. (AC +5)
You cannot fit into any form of body armour.
You are cold-blooded and may be slowed by cold attacks.


Message History

The jackal bites you.
You miss the jackal. The jackal barely misses you. x2
You slash the jackal!
You kill the jackal!
Found a club and 20 sling bullets.
A jackal comes into view.
The jackal moves out of view.
Found 21 stones.
You now have 45 gold pieces (gained 13).
Found a glowing dagger.
A gnoll comes into view.
It is wielding a +0 flail and quivering curare-tipped darts.
The gnoll moves out of view.
Found 10 gold pieces.
A jackal is nearby!
The jackal barks!
You hear a shout!
You closely miss the jackal. The jackal closely misses you.
You hit the jackal.
You kill the jackal!
The gnoll throws a curare-tipped dart.
The curare-tipped dart hits you.
You are poisoned.
You have difficulty breathing.
You feel yourself slow down.
A gnoll comes into view. It is wielding a +0 club.
You feel very sick.
The gnoll throws a curare-tipped dart.
The curare-tipped dart closely misses you.
You feel very sick.
You feel very sick.
You feel sick.
The gnoll shouts!
You hear a shout!
You feel sick.
You feel sick.
The gnoll throws a curare-tipped dart.
The curare-tipped dart hits you.
You are lethally poisoned!
You have difficulty breathing.
* * * LOW HITPOINT WARNING * * *
You feel as though you will be slow longer.
The gnoll throws a curare-tipped dart.
The curare-tipped dart hits you.
You are more poisoned.
You have difficulty breathing.
You die...

...... #....# .... #.(..#
#.## #....#
######..###########....###
...........†......†........
####..##..####.##.##....###
##.....## #.##.##.......
#....##..# #.##..........
..##..##@# #.######...... .
.##)..(#.###.. .........
...#..)....g##.# ###......
......(...#....# #......
....#....##....# #......
... ##.g## ....# #...... #
##.. ...... (....... ....
................
###.............######


You could see 2 gnolls.

Vanquished Creatures
  A dart slug (D:1)
  5 ball pythons
  2 bats (D:1)
  5 endoplasms
  4 giant cockroaches
  7 goblins
  6 jackals (D:2)
  2 quokkas
  2 kobolds
  4 rats
38 creatures vanquished.

Notes
Turn   | Place    | Note
-------+----------+-------------------------------------------
     0 | D:1      | Kukuleta the Draconian Gladiator began the quest for the
                  | Orb.
     0 | D:1      | Reached XP level 1. HP: 17/17 MP: 1/1
   161 | D:1      | Reached XP level 2. HP: 24/25 MP: 2/2
   643 | D:1      | Found a faded altar of an unknown god.
   781 | D:2      | Reached XP level 3. HP: 31/31 MP: 3/3
   992 | D:2      | Asphyxiated

Illustrated notes

Levels and vault maps discovered:
D:1:      minmay_arrival_diagonal_passages, layout_rooms,
          chequers_ecumenical_altar_lobes
D:2:      layout_basic, minivault_5, minmay_pentomino_w4

Skill      XL: |  1  2 |
---------------+-------+-----
Fighting       | 3 |  3.5
Dodging        | 3 |  3.1
Long Blades    | |  3.4
Throwing       | |  1.7

Action                   || total
-------------------------++-------
Melee: Long sword        ||    86
       Tailslap          ||     5
Armor: Skin              ||    30
Dodge: Dodged            ||    45
       Rpst.: Long sword ||    10
